 Dungeon Crawl Stone Soup version 0.29-a0-341-g24ffce5b50 (webtiles) character file.

Game seed: 3541223727111800544

65 croobank the Shield-Bearer (level 4, -3/41 HPs)
             Began as a Gnoll Fighter on Apr 21, 2022.
             Succumbed to Sigmund's poison
             ... on level 2 of the Dungeon.
             The game lasted 00:05:45 (1914 turns).

croobank the Shield-Bearer (Gnoll Fighter)          Turns: 1914, Time: 00:05:45

Health: -3/41      AC:  7    Str: 17    XL:     4   Next: 13%
Magic:  14/14      EV:  9    Int:  7    God:
Gold:   115        SH:  0    Dex: 12    Spells: 5/5 levels left

rFire   . . .      SeeInvis .   a - +0 war axe
rCold   . . .      Faith    .   c - +0 buckler
rNeg    . . .      Spirit   .   b - +0 scale mail
rPois   .          Reflect  .   (no helmet)
rElec   .          Harm     .   (no cloak)
rCorr   .          Rampage  .   (no gloves)
Will    .....                   (no boots)
Stlth   ..........              (no amulet)
HPRegen 0.13/turn               k - ring of magical power
MPRegen 0.14/turn               (no ring)

@: confused, lethally poisoned (-3 -> -20), attractive
A: fangs 1, strong nose, distributed training
a: no special abilities


You were on level 2 of the Dungeon.
You visited 1 branch of the dungeon, and saw 2 of its levels.

You collected 115 gold pieces.

Inventory:

Hand Weapons
 a - a +0 war axe (weapon)
Missiles
 f - 26 stones (quivered)
Armour
 b - a +0 scale mail (worn)
 c - a +0 buckler (worn)
Jewellery
 j - a ring of ice
 k - a ring of magical power (left hand)
Potions
 d - a potion of magic


   Skills:
 + Level 6.6 Fighting
 + Level 1.0 Short Blades
 + Level 1.0 Long Blades
 + Level 4.6 Axes
 + Level 1.0 Maces & Flails
 + Level 1.0 Polearms
 + Level 1.0 Staves
 + Level 1.0 Slings
 + Level 1.0 Bows
 + Level 1.0 Crossbows
 + Level 1.0 Throwing
 + Level 6.6 Armour
 + Level 1.0 Dodging
 + Level 1.0 Stealth
 + Level 6.6 Shields
 + Level 1.0 Unarmed Combat
 + Level 1.0 Spellcasting
 + Level 0.8 Conjurations
 + Level 0.8 Hexes
 + Level 0.8 Summonings
 + Level 0.8 Necromancy
 + Level 0.8 Translocations
 + Level 0.8 Transmutations
 + Level 0.8 Fire Magic
 + Level 0.8 Ice Magic
 + Level 0.8 Air Magic
 + Level 0.8 Earth Magic
 + Level 0.8 Poison Magic
 + Level 1.1 Invocations
 + Level 1.0 Evocations


You had 5 spell levels left.
You didn't know any spells.
Your spell library contained the following spells:

 Spells                   Type           Power      Damage    Failure   Level
 Conjure Flame            Conj/Fire      1%         6-21      98%         3
 Ignite Poison            Fire/Tmut/Pois 1%         N/A       98%         3
 Sticky Flame             Conj/Fire      1%         2d3       100%        4


Dungeon Overview and Level Annotations

Branches:
Dungeon (2/15)

Altars:

Annotations:
D:2 1 runed translucent door, Crazy Yiuf, Sigmund


Innate Abilities, Weirdness & Mutations

You have very sharp teeth.
Your uncanny sense of smell can sniff out nearby items.
Your experience applies equally to all skills.


Message History

Your body is wracked with pain!
It was a scroll of torment.
You start resting.
Sigmund is nearby!
You aren't carrying any scrolls.
It was a potion of flight.
You feel very buoyant.
You fly up into the air.
Sigmund shouts!
Sigmund laughs darkly.
You aren't carrying any scrolls.
It was a potion of cancellation.
Your magical effects are unravelling.
You feel magically purged.
You float gracefully downwards.
It was a potion of attraction.
You feel attractive to monsters. Sigmund is attracted toward you.
You closely miss Sigmund.
Sigmund hits you with a +2 scythe of venom.
You hit Sigmund.
Sigmund is lightly wounded.
Sigmund hits you with a +2 scythe of venom.
You are poisoned.
You slash Sigmund!
Sigmund is severely wounded.
You feel very sick.
Sigmund points at you and mumbles some strange words.
You are confused.
You bump into the rock wall.
You feel sick.
Sigmund hits you with a +2 scythe of venom!
* * * LOW HITPOINT WARNING * * *
You are lethally poisoned!
You're too confused to move!
* * * LOW HITPOINT WARNING * * *
You feel very sick.
Okay, then.
You are too confused!
You are too injured to fight recklessly!
You hit Sigmund.
Sigmund is severely wounded.
You die...

.........................
........#...####.######.#
#######.#...# #.# ####)##
#.......#...#
##'###......
#.####..#...#
#..@..@..... #..#..#...#
#.....)..... #.<.r.#...#
#........... #####.#@..#
###########. ..#@..#
#.... ######## #.### #.#
# #.# # #.# # #.# #
##.### #...# #######
##.##


You could see Sigmund.

Vanquished Creatures
  An adder (D:2)
  A gnoll (D:2)
  A dart slug (D:1)
  7 endoplasms
  2 goblins (D:1)
  5 hobgoblins
  4 jackals (D:1)
  6 kobolds
  3 quokkas (D:1)
  A ball python (D:2)
  4 bats
  3 frilled lizards
  A rat (D:1)
39 creatures vanquished.

Notes
Turn   | Place    | Note
-------+----------+-------------------------------------------
     0 | D:1      | croobank the Gnoll Fighter began the quest for the Orb.
     0 | D:1      | Reached XP level 1. HP: 23/23 MP: 1/1
   135 | D:1      | Reached XP level 2. HP: 29/29 MP: 2/2
   528 | D:1      | Reached XP level 3. HP: 29/35 MP: 3/3
  1141 | D:1      | Found a faded altar of an unknown god.
  1213 | D:2      | Reached skill level 1 in Invocations
  1238 | D:2      | Reached skill level 1 in Short Blades
  1238 | D:2      | Reached skill level 1 in Long Blades
  1238 | D:2      | Reached skill level 1 in Maces & Flails
  1238 | D:2      | Reached skill level 1 in Polearms
  1238 | D:2      | Reached skill level 1 in Staves
  1238 | D:2      | Reached skill level 1 in Slings
  1238 | D:2      | Reached skill level 1 in Bows
  1238 | D:2      | Reached skill level 1 in Crossbows
  1238 | D:2      | Reached skill level 1 in Throwing
  1238 | D:2      | Reached skill level 1 in Dodging
  1238 | D:2      | Reached skill level 1 in Stealth
  1238 | D:2      | Reached skill level 1 in Unarmed Combat
  1238 | D:2      | Reached skill level 1 in Spellcasting
  1238 | D:2      | Reached skill level 1 in Evocations
  1238 | D:2      | Reached XP level 4. HP: 10/41 MP: 5/5
  1582 | D:2      | Noticed Sigmund
  1860 | D:2      | Found a runed translucent door.
  1862 | D:2      | Noticed Crazy Yiuf
  1913 | D:2      | HP: 2/41 [poisoned by Sigmund]
  1914 | D:2      | Succumbed to Sigmund's poison

Illustrated notes

Levels and vault maps discovered:
D:1:      saegor_arrival_miasma, layout_loops_ring,
          dreamdust_ecumenical_altar_angels_and_demons
D:2:      minmay_spotlight, layout_basic, uniq_crazy_yiuf_cottage, uniq_robin,
          uniq_sigmund

Skill      XL: |  1  2  3 |
---------------+----------+-----
Invocations    | 1 |  1.1
Short Blades   | 1 |  1.0
Long Blades    | 1 |  1.0
Maces & Flails | 1 |  1.0
Polearms       | 1 |  1.0
Staves         | 1 |  1.0
Slings         | 1 |  1.0
Bows           | 1 |  1.0
Crossbows      | 1 |  1.0
Throwing       | 1 |  1.0
Dodging        | 1 |  1.0
Stealth        | 1 |  1.0
Unarmed Combat | 1 |  1.0
Spellcasting   | 1 |  1.0
Evocations     | 1 |  1.0
Fighting       | |  6.6
Axes           | |  4.6
Armour         | |  6.6
Shields        | |  6.6
Conjurations   | |  0.8
Hexes          | |  0.8
Summonings     | |  0.8
Necromancy     | |  0.8
Translocations | |  0.8
Transmutations | |  0.8
Fire Magic     | |  0.8
Ice Magic      | |  0.8
Air Magic      | |  0.8
Earth Magic    | |  0.8
Poison Magic   | |  0.8

Action                   |  1- 3 |  4- 6 || total
-------------------------+-------+-------++-------
Melee: War axe           |    84 |    22 ||   106
       Bite              |    10 |     1 ||    11
  Use: Potion            |     2 |     3 ||     5
       Scroll            |       |     4 ||     4
Armor: Scale mail        |    34 |     8 ||    42
Dodge: Dodged            |    32 |     9 ||    41
Block: Buckler           |    28 |    12 ||    40

Table legend: (Time is in decaauts)
 A = Elapsed time spent in this place.
 B = Non-inter-level travel time spent in this place.
 C = Inter-level travel time spent in this place.
 D = Time resting spent in this place.
 E = Time spent auto-exploring this place.
 F = Levels seen in this place.
 G = Mean time per level.
                   A        B        C        D        E       F      G
               +--------+--------+--------+--------+--------+-----+--------+
         Total |   1946 |   1939 |      7 |    303 |   1274 |   2 |  973.0 |
       Dungeon |   1946 |   1939 |      7 |    303 |   1274 |   2 |  973.0 |
               +--------+--------+--------+--------+--------+-----+--------+

Top non-repeatable levels by time:
     D:1: 1341 daAuts
     D:2: 605 daAuts
